 Dungeon Crawl Stone Soup version 0.19.0-9-gfd783f2 (webtiles) character file.

111 JustSomeDude the Grave Robber (level 4, -2/30 HPs)
             Began as a Mummy Necromancer on Nov 7, 2016.
             Killed by divine providence
             ... invoked by an orc priest
              (11 damage)
             ... on level 3 of the Dungeon.
             The game lasted 00:07:12 (2147 turns).

JustSomeDude the Grave Robber (Mummy Necromancer)   Turns: 2147, Time: 00:07:13

Health: -2/30      AC:  2    Str: 11    XL:     4   Next: 62%
Magic:  0/8        EV: 12    Int: 19    God:
Gold:   43         SH:  0    Dex: 12    Spells: 2 memorised, 3 levels left

rFire  x . .     SeeInvis .     (no weapon)
rCold  + . .     Gourm    .     a - +0 robe
rNeg   + + +     Faith    .     (no shield)
rPois  ∞         Spirit   .     (no helmet)
rElec  .         Reflect  .     (no cloak)
rCorr  .         Harm     .     (no gloves)
MR     .....                    (no boots)
Stlth  ++........               (no amulet)
                                (no ring)
                                i - +4 ring of intelligence

@: no status effects
A: no food or potions, fire vulnerability, cold resistance 1, negative energy
resistance 3, torment resistance, unbreathing
a: no special abilities


You were on level 3 of the Dungeon.
You were not hungry.

You visited 1 branch of the dungeon, and saw 3 of its levels.

You collected 43 gold pieces.

Inventory:

Armour
 a - a +0 robe (worn)
Jewellery
 f - an uncursed ring of fire
 i - a +4 ring of intelligence (left hand)
Scrolls
 c - a scroll of enchant armour {unknown}
 d - a scroll of immolation {unknown}
 e - a scroll of remove curse {unknown}
 g - a scroll of identify {unknown}
 h - a scroll of fog {unknown}
Books
 b - a book of Necromancy

   Spells                             Type                      Level
   a - Pain                           Necromancy                   1
   b - Animate Skeleton               Necromancy                   1
   c - Vampiric Draining              Necromancy                   3
   d - Regeneration                   Charms/Necromancy            3
   e - Animate Dead                   Necromancy                   4
   f - Control Undead                 Necromancy                   4


   Skills:
 + Level 0.2 Fighting
 + Level 1.7 Dodging
 + Level 1.9 Stealth
 + Level 0.4 Unarmed Combat
 + Level 2.9 Spellcasting
 + Level 5.2 Necromancy


You had 3 spell levels left.
You knew the following spells:

 Your Spells              Type           Power        Failure   Level  Hunger
a - Pain                  Necr           ###.         1%          1    N/A
b - Animate Dead          Necr           N/A          21%         4    N/A

Dungeon Overview and Level Annotations

Branches:
Dungeon (3/15)

Altars:
Ashenzari


Innate Abilities, Weirdness & Mutations

You do not eat or drink.
Your flesh is vulnerable to fire.
You are immune to poison.
Your flesh is cold resistant. (rC+)
You are immune to negative energy. (rN+++)
You are immune to unholy pain and torment.
You can survive without breathing.


Message History

The orc priest invokes the aid of Beogh against you.
You are unaffected.
Your frilled lizard zombie bites the orc priest.
You barely miss the orc priest.
The orc priest is severely wounded.
The orc priest hits you with a trident.
* * * LOW HITPOINT WARNING * * *
Your frilled lizard zombie bites the orc priest but does no damage.
You are too injured to fight recklessly!
You are too injured to fight recklessly!
You are too injured to fight recklessly!
Casting: Pain
Confirm with . or Enter, or press ? or * to list all spells.
Aiming: Pain
Press: ? - help, Shift-Dir - straight line, f/p - orc priest
Aim: an orc priest, wielding a trident (severely wounded, chance to defeat MR: 81%)
The orc priest barely resists.
The orc priest calls down the wrath of Beogh upon you.
Beogh smites you!
You die...

#.# ##'## #......... #.# ##...##
#.#####.#. #######)## ##.....##
#.#####.#. #.....<..#
##.......###.##(...#.
#.###....###.........##.#...###.
#.......'.........'..........
##....###.........##....†....
#.....# ##.......######..####
#.###.# ##Z@...## ##.# ... ..#
##o..## ..# ###. #########'##
### #........# #.######.# #.#
..÷ .... .....


You could see an orc priest and a friendly frilled lizard zombie.

Vanquished Creatures
  An orc wizard (D:2)
  3 adders (D:2)
  2 worms (D:2)
  A dart slug (D:1)
  3 orcs (D:3)
  6 bats
  A giant cockroach (D:1)
  10 goblins
  4 hobgoblins
  A quokka (D:2)
  A ball python (D:2)
  4 frilled lizards
  5 kobolds
  5 rats
47 creatures vanquished.

Notes
Turn   | Place    | Note
-------+----------+-------------------------------------------
     0 | D:1      | JustSomeDude the Mummy Necromancer began the quest for the Orb.
     0 | D:1      | Reached XP level 1. HP: 13/13 MP: 3/3
   219 | D:1      | Reached XP level 2. HP: 17/19 MP: 1/5
   757 | D:2      | Reached XP level 3. HP: 24/24 MP: 2/6
  1339 | D:2      | Reached skill level 5 in Necromancy
  1389 | D:2      | Found a shattered altar of Ashenzari.
  1460 | D:2      | Reached XP level 4. HP: 9/30 MP: 0/7
  1669 | D:2      | Learned a level 4 spell: Animate Dead
  2147 | D:3      | Killed from afar by an orc priest

Skill      XL: |  1  2  3 |
---------------+----------+-----
Necromancy     | 5 |  5.2
Fighting       | |  0.2
Dodging        | |  1.7
Stealth        | |  1.9
Unarmed Combat | |  0.4
Spellcasting   | |  2.9

Action                   |  1- 3 |  4- 6 || total
-------------------------+-------+-------++-------
Melee: Unarmed           |    35 |     8 ||    43
 Cast: Pain              |    70 |    29 ||    99
       Animate Dead      |       |     1 ||     1
Armor: Robe              |     8 |     1 ||     9
Dodge: Dodged            |    24 |     5 ||    29
